 Dungeon Crawl Stone Soup version 0.27.1 (webtiles) character file.

Game seed: 5452713234375258567

11 Gwenloh the Sneak (level 2, 0/14 HPs)
             Began as a Vine Stalker Enchanter on Aug 25, 2021.
             Slain by a gnoll (1 damage)
             ... on level 1 of the Dungeon.
             The game lasted 00:02:14 (575 turns).

Gwenloh the Sneak (Vine Stalker Enchanter)           Turns: 575, Time: 00:02:14

Health: 0/14       AC:  2    Str: 10    XL:     2   Next: 25%
Magic:  0/6        EV: 16    Int: 15    God:
Gold:   0          SH:  0    Dex: 14    Spells: 4/5 levels left

rFire    . . .     SeeInvis .   a - +1 dagger
rCold    . . .     Faith    .   (no shield)
rNeg     . . .     Spirit   +   b - +0 robe
rPois    .         Reflect  .   (no helmet)
rElec    .         Harm     .   (no cloak)
rCorr    .         Rampage  .   (no gloves)
Will     .....                  (no boots)
Stlth    +++.......             (no amulet)
HPRegen  0.04/turn              d - +4 ring of evasion
MPRegen  0.10/turn              (no ring)

@: very slightly contaminated
A: fangs 2, magic shield, antimagic bite, no potion heal 2
a: no special abilities


You were on level 1 of the Dungeon.
You visited 1 branch of the dungeon, and saw 1 of its levels.

Inventory:

Hand Weapons
 a - a +1 dagger (weapon)
Armour
 b - a +0 robe (worn)
Jewellery
 d - a +4 ring of evasion (left hand)
Scrolls
 c - a scroll of fog {unknown}


   Skills:
 + Level 0.4 Fighting
 + Level 1.1 Short Blades
 + Level 1.7 Dodging
 * Level 4.0 Stealth
 - Level 2.1 Spellcasting
 + Level 3.1 Hexes


You had 4 spell levels left.
You knew the following spells:

 Your Spells              Type           Power      Damage    Failure   Level
a - Corona                Hex            11%        N/A       6%          1

Your spell library contained the following spells:

 Spells                   Type           Power      Damage    Failure   Level
 Ensorcelled Hibernation  Hex/Ice        12%        N/A       17%         2
 Confusing Touch          Hex            10%        N/A       19%         3
 Tukima's Dance           Hex            10%        N/A       19%         3
 Dazzling Flash           Conj/Hex       12%        N/A       34%         3


Dungeon Overview and Level Annotations

Branches:
Dungeon (1/15)

Altars:


Innate Abilities, Weirdness & Mutations

You have extremely sharp teeth.
When hurt, damage is shared between your health and your magic reserves.
Your bite disrupts and absorbs the magic of your enemies.
Potions cannot restore your health.


Message History

You hit the jackal.
You kill the jackal!
Your Stealth skill increases to level 4!
You see here a jackal corpse.
You see here a jackal corpse.
d - a +4 ring of evasion
d - a +4 ring of evasion (left hand)
You open the door.
A gnoll comes into view. It is wielding a +0 whip.
There is an open door here.
The gnoll shouts!
The gnoll hits you with a +0 whip!
Casting: Corona (safe; 6% risk of failure)
Confirm with . or Enter, or press ? or * to list all spells.
Aiming: Corona (safe; 6% risk of failure)
Press: ? - help, Shift-Dir - straight line, f - gnoll
Aim: a gnoll, wielding a +0 whip (chance to affect: 54%)
You miscast Corona.
You are very lightly contaminated with residual magic.
Nothing appears to happen.
The gnoll hits you with a +0 whip.
Casting: Corona (safe; 6% risk of failure)
Confirm with . or Enter, or press ? or * to list all spells.
Aiming: Corona (safe; 6% risk of failure)
Press: ? - help, Shift-Dir - straight line, f/p - gnoll
Aim: a gnoll, wielding a +0 whip (chance to affect: 54%)
The gnoll struggles to resist.
The gnoll hits you with a +0 whip!
Ouch! That really hurt!
* * * LOW HITPOINT WARNING * * *
You hit the gnoll. You bite the gnoll, but do no damage.
The gnoll is lightly wounded.
The gnoll closely misses you.
You hit the gnoll but do no damage. You bite the gnoll. You drain its power.
You feel invigorated.
The gnoll is moderately wounded.
The gnoll completely misses you.
You hit the gnoll but do no damage. You bite the gnoll. You drain its power.
You feel invigorated.
The gnoll is heavily wounded.
The gnoll hits you with a +0 whip!
You die...

##..††...## #.#.#.##.#
#.........###......#.#
+.........+...........
#.........###......#.#
##.......## #.#.#.##.#
##.....## #.###.##.#
##...## #........#
##'## #####.#### #@#
#.# #g# #.# ... #.#
#...# #.# ..... #.#
.#...## #.# ...... #
##..# # .


You could see a gnoll.

Vanquished Creatures
  2 endoplasms (D:1)
  2 jackals (D:1)
  A ball python (D:1)
  3 bats (D:1)
  A kobold (D:1)
  A rat (D:1)
10 creatures vanquished.

Notes
Turn   | Place    | Note
-------+----------+-------------------------------------------
     0 | D:1      | Gwenloh the Vine Stalker Enchanter began the quest for the
                  | Orb.
     0 | D:1      | Reached XP level 1. HP: 9/9 MP: 4/4
    50 | D:1      | Reached skill level 1 in Short Blades
   326 | D:1      | Reached XP level 2. HP: 12/13 MP: 1/6
   416 | D:1      | Reached skill level 4 in Stealth
   575 | D:1      | Slain by a gnoll

Illustrated notes

Levels and vault maps discovered:
D:1:      giann_forest_graveyard, layout_loops_corners,
          ebering_ecumenical_altar_rust

Skill      XL: |  1  2 |
---------------+-------+-----
Short Blades   | 1 |  1.1
Stealth        | 4 |  4.0
Fighting       | |  0.4
Dodging        | |  1.7
Spellcasting   | |  2.1
Hexes          | |  3.1

Action                   || total
-------------------------++-------
Melee: Dagger            ||    31
       Bite              ||     7
 Cast: Corona            ||     6
 Stab: Sleeping          ||     2
Armor: Robe              ||     6
Dodge: Dodged            ||    30
